 Dungeon Crawl Stone Soup version 0.25-a0-545-ge4db218afc (webtiles) character file.

Game seed: 61916662663065373, levelgen mode: deterministic

18605 Araneus the Spear-Bearer (level 12, -10/99 HPs)
             Began as a Naga Fighter on Feb 20, 2020.
             Was the Champion of Cheibriados.
             Engulfed by an ice statue's freezing vapour (14 damage)
             ... in a Gauntlet on Feb 21, 2020.
             The game lasted 01:20:40 (15109 turns).

Araneus the Spear-Bearer (Naga Fighter)            Turns: 15109, Time: 01:20:40

Health: -10/99     AC: 18    Str: 38    XL:     12   Next: 60%
Magic:  11/14      EV: 13    Int: 24    God:    Cheibriados [******]
Gold:   799        SH: 27    Dex: 26    Spells: 10/11 levels left

rFire    . . .     SeeInvis +   G - +0 trident (protect)
rCold    . . .     Gourm    .   l - +1 tower shield
rNeg     . . .     Faith    .   o - +0 swamp dragon scales
rPois    +         Spirit   .   (no helmet)
rElec    .         Reflect  +   z - +1 cloak
rCorr    .         Harm     .   F - +0 pair of gloves
MR       ++...     NoTele   +   (no barding)
Stlth    +.........             k - +4 amulet of reflection
HPRegen  0.26/turn              x - ring of protection from magic
MPRegen  0.14/turn              s - +6 ring of evasion

@: protection aura, very slow
A: large, see invisible, deformed body, poison resistance, slowness 2, slow
metabolism 1, spit poison 1, AC +4
a: Spit Poison, Bend Time, Temporal Distortion, Slouch, Step From Time, Renounce
Religion


You were in a Gauntlet.
You worshipped Cheibriados.
Cheibriados was exalted by your worship.
You were hungry.

You visited 4 branches of the dungeon, and saw 15 of its levels.
You also visited: Ossuary and Gauntlet.

You collected 895 gold pieces.
You spent 96 gold pieces at shops.

Inventory:

Hand Weapons
 m - a +1 spear of flaming
 G - a +0 trident of protection (weapon)
Missiles
 g - 18 poisoned darts (quivered)
 i - 2 throwing nets
Armour
 l - a +1 tower shield (worn)
 o - +0 swamp dragon scales (worn)
 z - a +1 cloak (worn)
 F - a +0 pair of gloves (worn)
Jewellery
 b - an uncursed ring of resist corrosion
 d - an uncursed ring of see invisible
 k - a +4 amulet of reflection (around neck)
 q - an uncursed amulet of regeneration
 s - a +6 ring of evasion (right hand)
 x - a ring of protection from magic (left hand)
 M - an uncursed ring of protection from fire {unknown}
Wands
 c - a wand of paralysis (11)
 t - a wand of polymorph (18)
 I - a wand of digging (7)
 J - a wand of flame (21)
 L - a wand of scattershot (5)
Scrolls
 e - 3 scrolls of amnesia
 h - 3 scrolls of noise
 j - 7 scrolls of remove curse
 n - a scroll of enchant armour
 p - 2 scrolls of magic mapping
 y - a scroll of fear
 A - 3 scrolls of enchant weapon
 B - 2 scrolls of blinking
 C - 6 scrolls of teleportation
 H - a scroll of identify
 K - a scroll of random uselessness {unknown}
 N - a scroll of holy word {unknown}
 P - a scroll of fog {unknown}
Potions
 a - 2 potions of stabbing
 r - 2 potions of cancellation
 u - 3 potions of brilliance
 v - 2 potions of mutation
 w - 8 potions of curing
 D - 5 potions of flight
 E - 2 potions of berserk rage
 O - a potion of magic
Comestibles
 f - 24 rations


   Skills:
 + Level 4.2 Fighting
 - Level 14.0 Polearms
 * Level 2.5 Throwing
 + Level 3.4 Armour
 * Level 10.9 Shields
 * Level 3.3 Translocations
 * Level 3.6 Invocations


You had 10 spell levels left.
You knew the following spells:

 Your Spells              Type           Power        Failure   Level  Hunger
a - Apportation           Tloc           ###...       12%         1    ##.....

Your spell library contained the following spells:

 Spells                   Type           Power        Failure   Level  Hunger
 Lesser Beckoning         Tloc           ###.......   36%         3    ####...
 Animate Skeleton         Necr           N/A          43%         1    ##.....
 Pain                     Necr           #...         43%         1    ##.....
 Sandblast                Erth           #.....       43%         1    ##.....
 Summon Butterflies       Summ           #.......     43%         1    ##.....
 Passwall                 Tmut/Erth      #.......     56%         2    ###....
 Stone Arrow              Conj/Erth      #.....       80%         3    ####...
 Tukima's Dance           Hex            #.......     80%         3    ####...
 Vampiric Draining        Necr           #.........   80%         3    ####...
 Animate Dead             Necr           N/A          99%         4    #####..
 Petrify                  Tmut/Erth      #.......     99%         4    #####..
 Agony                    Necr           #.......     100%        5    ######.
 Alistair's Intoxication  Tmut/Pois      #.......     100%        5    ######.
 Lee's Rapid Deconstruct  Erth           #.........   100%        5    ######.
 Invisibility             Hex            #.......     100%        6    #######


Dungeon Overview and Level Annotations

Branches:
Dungeon (11/15)            Temple (1/1) D:5            Lair (2/6) D:11
 Shoals (0/4) Lair:2          Orc (1/2) D:9         Ossuary (visited)
Gauntlet (1/1)
  Snake: Lair:2-4    Spider: Lair:2-4

Altars:
Ashenzari
Cheibriados
Dithmenos
Elyvilon
Fedhas
Gozag
Hepliaklqana
Kikubaaqudgha
Makhleb
Nemelex Xobeh
Okawaru
Qazlal
Ru
Sif Muna
Trog
Uskayaw
Vehumet
Wu Jian
Xom
Yredelemnul
Zin
The Shining One

Shops:
D:10 ?

Annotations:
D:6 3 runed translucent doors, a0bad's ghost, novice DsNe
D:10 3 exclusions, Fannar Gauntlet 11 transporters, exclusion: ice statue


Innate Abilities, Weirdness & Mutations

You cannot wear boots.
Your serpentine skin is tough. (AC +4)
You have supernaturally acute eyesight. (SInv)
Armour fits poorly on your strangely shaped body.
Your system is resistant to poisons. (rPois)
You cover ground very slowly.
You have a slow metabolism.
You can spit poison.


Message History

The ice statue is lightly damaged.
You are engulfed in freezing vapours.
The plant is engulfed in freezing vapours.
The plant is destroyed!
You block the ice beast's attack.
You puncture the ice statue!
The ice statue is moderately damaged.
You are engulfed in freezing vapours.
* * * LOW HITPOINT WARNING * * *
You puncture the ice statue!
The ice statue is heavily damaged.
The ice statue glitters chillingly in the dim dungeon light.
The ice statue gestures at you. The freezing blast engulfs you!
* * * LOW HITPOINT WARNING * * *
You block the ice beast's attack. x3
You hit the ice statue.
The ice statue is heavily damaged.
You are engulfed in freezing vapours.
You die...

#8# #8# #8# #8# #8# #8# #8#
#############################
...........................≈#
............................###
.###########...###########..#8#
.#.....#...#.8.##.#.#^##.#..###
.#..##..#..#...#°°..##.#.#..#
##..#..##..#####Y##.#.#.##..###
.#?.##..#.D#...#@Y#.#.P..#..#8#
©#©.#.©##..#©.©#Y8##.#.###©.###
.#%.##..#..#...#)###©.#.##..#
##..#..##..######..##.##.#..###
.#D.##..#..#...#^#..##.#.#..#8#
.#hD...#...#...######.P###..###
.###########...###########..#
.............≈.............≈###
≈...........≈8≈........∩..§∩#8#


You could see an ice statue, a steam dragon and 3 ice beasts.

Vanquished Creatures
  A two-headed ogre (D:11)
  Nergalle (Lair:1)
  Pikel (D:9)
  A deep elf mage (D:9)
  A manticore (D:11)
  An ugly thing (D:11)
  A cyclops (D:11)
  3 spiny frogs
  A gargoyle (D:11)
  Maggie (D:7)
  2 rime drakes (Gauntlet)
  A komodo dragon (Lair:1)
  2 trolls
  3 blink frogs (Lair:1)
  7 hippogriffs
  A vampire (D:11)
  A wyvern (D:7)
  3 hogs (D:7)
  16 yaks
  A human (D:7)
  A soldier ant (D:11)
  A water moccasin (Lair:1)
  2 porcupines (D:11)
  Duvessa (D:4)
  3 ice beasts
  4 orc warriors
  3 phantoms
  6 sky beasts
  9 ogres
  A black bear (D:9)
  4 slaves (D:9)
  4 wolves (Lair:2)
  3 centaurs
  8 crocodiles
  A big kobold (D:7)
  13 bullfrogs
  A wyvern zombie (D:7)
  A gnoll sergeant (D:4)
  Dowan (D:4)
  A scorpion (D:5)
  4 killer bees
  11 wights
  6 electric eels
  5 crimson imps
  A quasit (D:7)
  Crazy Yiuf (D:2)
  2 bullfrog zombies
  8 hounds
  5 orc priests
  3 centaur skeletons
  5 iguanas
  4 bullfrog skeletons
  7 orc wizards
  9 worker ants
  5 big kobold zombies (Ossuary)
  2 hound zombies
  A hound skeleton (D:4)
  A mummy (Ossuary)
  Robin (D:2)
  10 adders
  8 gnolls
  A howler monkey skeleton (D:8)
  4 shadow imps
  An ooze (D:3)
  2 worms (D:2)
  2 dart slugs (D:2)
  2 leopard geckos
  44 orcs
  2 spectral bats (Ossuary)
  3 ball pythons
  6 giant cockroaches
  7 gnoll zombies (Ossuary)
  10 goblins
  12 hobgoblins
  4 jackals (D:3)
  14 kobolds
  A quokka (D:7)
  4 bats
  5 bat simulacra (Ossuary)
  4 frilled lizards
  2 goblin zombies (Ossuary)
  5 hobgoblin zombies (Ossuary)
  2 kobold simulacra (Ossuary)
  6 kobold zombies (Ossuary)
  5 orc zombies (Ossuary)
  A quokka zombie (D:7)
  6 rats
  4 rat simulacra (Ossuary)
  A rat zombie (D:7)
  4 spectral goblins (Ossuary)
  4 spectral kobolds (Ossuary)
  4 spectral rats (Ossuary)
388 creatures vanquished.

Vanquished Creatures (others)
  A centaur (D:9)
  A kobold (D:7)
  3 plants
  12 withered plants (Gauntlet)
17 creatures vanquished.

Grand Total: 405 creatures vanquished

Notes
Turn   | Place    | Note
-------+----------+-------------------------------------------
     0 | D:1      | Araneus the Naga Fighter began the quest for the Orb.
     0 | D:1      | Reached XP level 1. HP: 21/21 MP: 1/1
   587 | D:2      | Reached XP level 2. HP: 24/28 MP: 2/2
   687 | D:2      | Found a runed translucent door.
   688 | D:2      | Noticed Crazy Yiuf
   867 | D:2      | Noticed Robin
   896 | D:2      | Reached skill level 3 in Polearms
   909 | D:2      | Reached XP level 3. HP: 26/34 MP: 3/3
   928 | D:2      | Killed Robin
   994 | D:2      | Reached skill level 4 in Polearms
  1132 | D:2      | Reached XP level 4. HP: 22/42 MP: 4/4
  1573 | D:2      | Found a shattered altar of Ashenzari.
  2071 | D:3      | Reached skill level 5 in Polearms
  2071 | D:3      | Reached XP level 5. HP: 40/49 MP: 5/5
  3152 | D:5      | Entered Level 5 of the Dungeon
  3172 | D:4      | Found a sparkling altar of Nemelex Xobeh.
  3172 | D:4      | Noticed an ogre
  3196 | D:4      | Killed an ogre
  3196 | D:4      | Reached skill level 6 in Polearms
  3196 | D:4      | Reached XP level 6. HP: 32/56 MP: 6/6
  3297 | D:4      | Noticed a hippogriff
  3312 | D:4      | Killed a hippogriff
  3312 | D:4      | Reached skill level 7 in Polearms
  3312 | D:4      | Reached XP level 7. HP: 22/62 MP: 7/7
  3345 | D:4      | Found a stormy altar of Qazlal.
  3548 | D:4      | Noticed Duvessa
  3565 | D:4      | Killed Duvessa
  3565 | D:4      | Reached skill level 8 in Polearms
  3566 | D:4      | Noticed Dowan
  3586 | D:4      | Killed Dowan
  3839 | D:4      | Reached XP level 8. HP: 27/69 MP: 8/8
  3843 | D:4      | Reached skill level 9 in Polearms
  4163 | D:4      | Found an opulent altar of Gozag.
  4516 | D:5      | Found a burning altar of Makhleb.
  4518 | D:5      | Noticed a blizzard demon
  4571 | D:5      | Found a staircase to the Ecumenical Temple.
  4650 | Temple   | Entered the Ecumenical Temple
  4887 | Temple   | Became a worshipper of Cheibriados the Contemplative
  5111 | D:5      | Found a bloodstained altar of Trog.
  5580 | D:6      | Reached skill level 10 in Polearms
  5664 | D:6      | Found a runed translucent gate.
  5665 | D:6      | Found a runed translucent gate.
  5666 | D:6      | Found a runed translucent gate.
  5666 | D:6      | Noticed a0bad's ghost (novice DsNe)
  5754 | D:6      | Reached * piety under Cheibriados
  5782 | D:6      | Reached XP level 9. HP: 65/75 MP: 9/9
  5957 | D:6      | Found a shimmering altar of Xom.
  5961 | D:6      | Found an iron altar of Okawaru.
  5968 | D:6      | Reached skill level 11 in Polearms
  6342 | D:2      | Killed Crazy Yiuf
  6451 | D:7      | Reached ** piety under Cheibriados
  6473 | D:7      | Found a sand-covered staircase.
  6485 | Ossuary  | Entered an ossuary
  6613 | Ossuary  | Reached *** piety under Cheibriados
  6964 | D:7      | Reached **** piety under Cheibriados
  7094 | D:7      | Upgraded the game from 0.25-a0-544-gee0576305d to
                  | 0.25-a0-545-ge4db218afc
  7160 | D:7      | Noticed Maggie
  7201 | D:7      | Killed Maggie
  7357 | D:7      | Reached skill level 12 in Polearms
  7357 | D:7      | Reached skill level 5 in Shields
  7499 | D:7      | Reached XP level 10. HP: 68/84 MP: 10/10
  7527 | D:7      | Reached ***** piety under Cheibriados
  8408 | D:8      | Found a bloodstained altar of Trog.
  8524 | D:8      | Learned a level 1 spell: Apportation
  8555 | D:8      | Reached skill level 13 in Polearms
  8577 | D:8      | Found a shadowy altar of Dithmenos.
  9547 | D:9      | Noticed Pikel
  9576 | D:9      | Killed Pikel
  9599 | D:9      | Found an ancient bone altar of Kikubaaqudgha.
  9599 | D:9      | Noticed a deep elf mage
  9612 | D:9      | Killed a deep elf mage
  9612 | D:9      | Reached XP level 11. HP: 63/90 MP: 11/11
  9726 | D:9      | Found a white marble altar of Elyvilon.
  9900 | D:9      | Found a staircase to the Orcish Mines.
 10035 | D:9      | Reached skill level 14 in Polearms
 10734 | D:10     | Entered Level 10 of the Dungeon
 11022 | D:10     | Found Totoezym's Magic Scroll Shop.
 11028 | D:10     | Bought a scroll of teleportation for 48 gold pieces
 11028 | D:10     | Bought a scroll of teleportation for 48 gold pieces
 11610 | D:10     | Reached ****** piety under Cheibriados
 11668 | D:10     | Noticed Fannar
 12018 | Orc:1    | Entered Level 1 of the Orcish Mines
 12018 | Orc:1    | Noticed an orc knight
 12293 | D:11     | Noticed a brown ugly thing
 12316 | D:11     | Killed a brown ugly thing
 12316 | D:11     | Reached skill level 1 in Translocations
 12316 | D:11     | Reached skill level 1 in Invocations
 12649 | D:11     | Noticed a two-headed ogre
 12714 | D:11     | Killed a two-headed ogre
 12787 | D:11     | Noticed a two-headed ogre
 12841 | D:11     | Noticed a manticore
 12842 | D:11     | Found a staircase to the Lair.
 12859 | D:11     | Killed a manticore
 13026 | D:11     | Reached skill level 1 in Throwing
 13090 | D:11     | Noticed a cyclops
 13106 | D:11     | Killed a cyclops
 13171 | D:11     | Reached XP level 12. HP: 97/97 MP: 13/13
 13202 | D:11     | Reached skill level 10 in Shields
 13306 | D:11     | Found a glowing silver altar of Zin.
 13521 | Lair:1   | Entered Level 1 of the Lair of Beasts
 13572 | Lair:1   | Noticed Nergalle
 13608 | Lair:1   | Killed Nergalle
 14839 | Lair:2   | Found a gate leading to a gauntlet.
 14877 | Gauntlet | Entered a Gauntlet
 14877 | Gauntlet | Found a transporter.
 14877 | Gauntlet | Found a transporter.
 14877 | Gauntlet | Found a transporter.
 14881 | Gauntlet | Found a transporter.
 14882 | Gauntlet | Found a transporter.
 14894 | Gauntlet | Found a transporter.
 14898 | Gauntlet | Found a transporter.
 14908 | Gauntlet | Found a transporter.
 14908 | Gauntlet | Noticed a death yak
 14908 | Gauntlet | Noticed a death yak
 14909 | Gauntlet | Noticed a death yak
 14909 | Gauntlet | Noticed a death yak
 14910 | Gauntlet | Noticed a death yak
 14911 | Gauntlet | Noticed a death yak
 14950 | Gauntlet | Found a transporter.
 15011 | Gauntlet | Found a transporter.
 15013 | Gauntlet | Found a transporter.
 15027 | Gauntlet | Found a transporter.
 15108 | Gauntlet | HP: 4/99 [ice statue/freezing blast (12)]
 15109 | Gauntlet | Engulfed by an ice statue's freezing vapour

Levels and vault maps discovered:
D:1:      dpeg_arrival_oval, layout_rooms
D:2:      layout_basic, lemuel_crystal_altar, first_ration, minmay_unequal,
          uniq_robin, uniq_crazy_yiuf_cottage
D:3:      layout_basic, kennysheep_cross_room, minmay_fractal_squares_diagonal_5
D:4:      cheibrodos_old_hovel, layout_loops_corners, kennysheep_mini,
          nemelex_xobeh_ov_fountains_minmay, old_standard_altar,
          kennysheep_generic_room_10, uniq_duvessa
D:5:      layout_basic, makhleb_altar_promises_db, lightli_temple_of_fire,
          minmay_temple_entry_arrows, cheibrodos_gnoll_hut
D:6:      layout_loops_ring, old_standard_altar, xom_butterflies,
          gammafunk_ghost_split
D:7:      layout_basic, enter_ossuary_4, grunt_livestock, uniq_maggie
D:8:      layout_basic, overflow_temple_1_default, serial_corexii_hall,
          chequers_hall_statues_y, corexii_hall_statues_s, basic_altar
D:9:      layout_basic, overflow_temple_1_default, david_defended_altar_elf,
          uniq_pikel
D:10:     layout_stronghold, serial_shops, shop, dk_vineyard_3, uniq_fannar
D:11:     layout_irregular_city, minmay_lair_entry_grove, basic_altar
Temple:   minmay_temple_bridge_abc
Lair:1:   layout_gridlike, serial_bayou_pond_d, serial_bayou_shore_a,
          uniq_nergalle
Lair:2:   layout_loops_ring, shoals_dummy_entry, gauntlet_entry_generic,
          infiniplex_staircase_pool_2, uniq_sonja
Orc:1:    layout_caves
Gauntlet: gammafunk_gauntlet_hard_choice [gammafunk_gauntlet_arena_mazey,
          gammafunk_gauntlet_arena_spirals, gammafunk_gauntlet_arena_teeth,
          gammafunk_gauntlet_arena_open, gammafunk_gauntlet_arena_arrow_garden,
          nicolae_gauntlet_arena_quarters,
          nicolae_gauntlet_exit_dead_adventurers]

Skill      XL: |  1  2  3  4  5  6  7  8  9 10 11 12 |
---------------+-------------------------------------+-----
Polearms       | 3 4 5 6 7 8 10 12 13 14 | 14.0
Shields        | 3 5 7 9 10 | 10.9
Translocations | 2 3 |  3.3
Invocations    | 2 3 |  3.6
Throwing       | 1 2 |  2.5
Armour         | 3 |  3.4
Fighting       | 4 |  4.2

Action                   |  1- 3 |  4- 6 |  7- 9 | 10-12 || total
-------------------------+-------+-------+-------+-------++-------
Melee: Trident           |    86 |   213 |   300 |   688 ||  1287
       Spear             |       |       |   343 |   247 ||   590
Throw: Dart              |    10 |    72 |    49 |    15 ||   146
       Boomerang         |     2 |       |       |       ||     2
Invok: Bend Time         |       |       |       |     1 ||     1
 Abil: Spit Poison       |     6 |    13 |    15 |    19 ||    53
Evoke: Wand              |       |       |       |     4 ||     4
  Use: Potion            |     3 |     2 |     3 |     4 ||    12
       Scroll            |       |     6 |     8 |     6 ||    20
 Stab: Invisible         |     1 |       |       |       ||     1
       Distracted        |       |       |     1 |     4 ||     5
       Paralysed         |       |       |       |     2 ||     2
       Sleeping          |       |       |       |     1 ||     1
  Eat: Chunk             |     1 |     5 |    10 |    18 ||    34
       Ration            |       |       |     1 |       ||     1
Armor: Scale mail        |    34 |    76 |    61 |       ||   171
       Skin              |       |       |     5 |       ||     5
       Swamp dragon scal |       |       |     3 |   137 ||   140
Dodge: Dodged            |    15 |    46 |   123 |   193 ||   377
Block: Kite shield       |    36 |    99 |   300 |   257 ||   692
       Reflection        |       |       |     9 |    17 ||    26
       Tower shield      |       |       |       |   498 ||   498

Table legend:
 A = Non-vault XP
 B = Vault XP
 C = Vault XP percentage of total XP
 D = Non-vault monster count
 E = Vault monster count
 F = Vault count percentage of total count
                 A         B        C        D         E       F
            +---------+---------+-------+---------+---------+-------
      Total |   20133 |    6446 |  24.3 |     279 |     107 |  27.7
            +---------+---------+-------+---------+---------+-------
        D:1 |       8 |       0 |   0.0 |       5 |       0 |   0.0
        D:2 |      89 |      83 |  48.3 |      21 |      14 |  40.0
        D:3 |     130 |      12 |   8.5 |      38 |       6 |  13.6
        D:4 |     744 |     254 |  25.5 |      19 |       3 |  13.6
        D:5 |     425 |      97 |  18.6 |       9 |       3 |  25.0
        D:6 |     946 |       0 |   0.0 |      24 |       0 |   0.0
        D:7 |    1374 |    1358 |  49.7 |      31 |       8 |  20.5
        D:8 |    1769 |       0 |   0.0 |      27 |       0 |   0.0
        D:9 |    1262 |    1248 |  49.7 |      20 |       2 |   9.1
       D:10 |    3006 |       0 |   0.0 |      33 |       0 |   0.0
       D:11 |    4908 |    1653 |  25.2 |      25 |      12 |  32.4
     Lair:1 |    4380 |     808 |  15.6 |      20 |       1 |   4.8
     Lair:2 |     962 |       0 |   0.0 |       6 |       0 |   0.0
      Orc:1 |     130 |       0 |   0.0 |       1 |       0 |   0.0
    Ossuary |       0 |     202 | 100.0 |       0 |      56 | 100.0
   Gauntlet |       0 |     731 | 100.0 |       0 |       2 | 100.0
            +---------+---------+-------+---------+---------+-------
